 Dungeon Crawl Stone Soup version 0.25.0-11-g1f837a76a1 (webtiles) character file.

Game seed: 7695999531691595615

198 Donthurtboomboom the Conjurer (level 5, 0/39 HPs)
             Began as a Centaur Conjurer on June 25, 2020.
             Succumbed to a worker ant's poison
             ... on level 4 of the Dungeon.
             The game lasted 00:27:45 (6787 turns).

Donthurtboomboom the Conjurer (Centaur Conjurer)    Turns: 6787, Time: 00:27:45

Health: 0/39       AC:  5    Str: 11    XL:     5   Next: 47%
Magic:  5/8        EV: 10    Int: 14    God:
Gold:   109        SH:  0    Dex: 10    Spells: 7/8 levels left

rFire    . . .     SeeInvis .   b - +0 club
rCold    . . .     Gourm    .   (no shield)
rNeg     . . .     Faith    .   a - +0 robe
rPois    .         Spirit   .   h - +0 helmet
rElec    .         Reflect  .   (no cloak)
rCorr    .         Harm     .   (no gloves)
MR       .....                  (no barding)
Stlth    +.........             (no amulet)
HPRegen  0.13/turn              (no ring)
MPRegen  0.11/turn              (no ring)

@: lethally poisoned (0 -> -1), very quick
A: large, hooves 3, deformed body, speed 2, tough skin 3
a: no special abilities


You were on level 4 of the Dungeon.
You were not hungry.

You visited 1 branch of the dungeon, and saw 4 of its levels.

You collected 109 gold pieces.

Inventory:

Hand Weapons
 b - a +0 club (weapon)
Armour
 a - a +0 robe (worn)
 h - a +0 helmet (worn)
Jewellery
 d - an uncursed ring of wizardry {unknown}
 g - an uncursed ring of see invisible {unknown}
 i - a cursed amulet of inaccuracy {unknown}
Comestibles
 c - 2 rations


   Skills:
 + Level 0.8 Fighting
 + Level 0.7 Maces & Flails
 + Level 2.2 Dodging
 + Level 1.5 Stealth
 + Level 2.3 Spellcasting
 + Level 4.9 Conjurations


You had 7 spell levels left.
You knew the following spells:

 Your Spells              Type           Power        Failure   Level  Hunger
a - Magic Dart            Conj           ###.         3%          1    #......

Your spell library contained the following spells:

 Spells                   Type           Power        Failure   Level  Hunger
 Searing Ray              Conj           ###...       4%          2    ###....
 Dazzling Flash           Conj/Hex       #.....       26%         3    ###....
 Fulminant Prism          Conj/Hex       #.........   63%         4    #####..
 Iskenderun's Mystic Bla  Conj/Tloc      #.......     63%         4    #####..


Dungeon Overview and Level Annotations

Branches:
Dungeon (4/15)             Temple (0/1) D:4

Altars:
Makhleb


Innate Abilities, Weirdness & Mutations

You have hooves in place of feet.
Armour fits poorly on your strangely shaped body.
You cover ground very quickly.
You have extremely tough skin. (AC +3)


Message History

You feel sick.
* * * LOW HITPOINT WARNING * * *
You feel sick.
* * * LOW HITPOINT WARNING * * *
You feel sick.
A giant cockroach comes into view.
You hit the giant cockroach. You kick the giant cockroach.
You kill the giant cockroach!
* * * LOW HITPOINT WARNING * * *
You feel sick.
Unknown command.
* * * LOW HITPOINT WARNING * * *
You feel sick.
* * * LOW HITPOINT WARNING * * *
You feel sick.
Found a staircase to the Ecumenical Temple.
Found a leather armour.
* * * LOW HITPOINT WARNING * * *
You feel sick.
You die...

###.#.#.#
####.h....#.##
#........###.#
#[##.#.##.#.<#
###.##.#.# #.#.#
#........# ....
....#.h.#..# #.# .#
###....###.# #># #..
.. #...#... ...####@#
#.# .# ###....>
.#......# ###.# .#
###......#.....#
#...##.# ####.
####.l#### #.#....# .#
##....#####.#....#
#...#.......#...###
#.....###..##.........
..#..>.#
#..#...#...### ##....
#..#...##.##


You could see a leopard gecko.

Vanquished Creatures
  A howler monkey (D:4)
  A hound (D:4)
  A jelly (D:3)
  A worker ant (D:4)
  2 adders (D:2)
  An ooze (D:2)
  A worm (D:2)
  A dart slug (D:1)
  2 leopard geckos
  An orc (D:3)
  A ball python (D:1)
  4 bats
  3 giant cockroaches
  4 goblins
  3 hobgoblins
  3 jackals (D:3)
  4 kobolds
  4 quokkas
  4 frilled lizards
  8 rats
50 creatures vanquished.

Vanquished Creatures (others)
  A leopard gecko (D:2)
1 creature vanquished.

Grand Total: 51 creatures vanquished

Notes
Turn   | Place    | Note
-------+----------+-------------------------------------------
     0 | D:1      | Donthurtboomboom the Centaur Conjurer began the quest for
                  | the Orb.
     0 | D:1      | Reached XP level 1. HP: 14/14 MP: 3/3
   578 | D:1      | Reached XP level 2. HP: 18/20 MP: 0/4
   810 | D:1      | Reached skill level 4 in Conjurations
  1455 | D:2      | Reached XP level 3. HP: 26/26 MP: 0/5
  4253 | D:3      | Reached XP level 4. HP: 33/33 MP: 3/6
  5364 | D:3      | Found a burning altar of Makhleb.
  6294 | D:4      | Noticed a black bear
  6303 | D:4      | HP: 1/34 [black bear (1)]
  6715 | D:4      | Reached XP level 5. HP: 39/39 MP: 0/8
  6776 | D:4      | HP: 1/39 [poisoned by a worker ant]
  6780 | D:4      | Found a staircase to the Ecumenical Temple.
  6782 | D:4      | HP: 1/39 [poisoned by a worker ant]
  6787 | D:4      | Succumbed to a worker ant's poison

Illustrated notes

Levels and vault maps discovered:
D:1:      dpeg_arrival_morbid_curiosity, layout_basic
D:2:      layout_basic, serial_bayou_pond_a, grunt_ministairs_9,
          lemuel_old_faithful
D:3:      layout_basic, bloody_makhleb
D:4:      layout_loops_ring, minmay_temple_entry_wispy, serial_shops,
          shop_coins, first_ration, nicolae_tso_swordbearing_angel

Skill      XL: |  1  2  3  4 |
---------------+-------------+-----
Conjurations   | 4 |  4.9
Spellcasting   | 2 |  2.3
Dodging        | 2 |  2.2
Fighting       | |  0.8
Maces & Flails | |  0.7
Stealth        | |  1.5

Action                   |  1- 3 |  4- 6 || total
-------------------------+-------+-------++-------
Melee: Unarmed           |     2 |       ||     2
       Club              |    46 |    42 ||    88
       Kick              |    10 |    12 ||    22
 Cast: Magic Dart        |    67 |    39 ||   106
  Use: Potion            |     1 |     2 ||     3
       Scroll            |       |     3 ||     3
  Eat: Ration            |     2 |     2 ||     4
       Chunk             |     4 |     1 ||     5
Armor: Robe              |    57 |    31 ||    88
Dodge: Dodged            |    60 |    37 ||    97
